 Dungeon Crawl Stone Soup version 0.29-a0-91-gdebf4667c2 (webtiles) character file.

Game seed: 6940751369911370727

5819 siradein the Ruffian (level 10, 0/98 HPs)
             Began as a Troll Fighter on Feb 7, 2022.
             Was a Believer of Qazlal.
             Slain by a centaur (3 damage)
             ... on level 8 of the Dungeon.
             The game lasted 00:22:40 (7852 turns).

siradein the Ruffian (Troll Fighter)                Turns: 7852, Time: 00:22:41

Health: 0/98       AC:  0    Str: 26    XL:     10   Next: 51%
Magic:  11/11      EV: 10    Int:  4    God:    Qazlal [**....]
Gold:   441        SH: 12    Dex: 13    Spells: 9/9 levels left

rFire   . . .      SeeInvis .     - Unarmed
rCold   . . .      Faith    .   b - +0 kite shield
rNeg    . . .      Spirit   .   C - +0 acid dragon scales
rPois   .          Reflect  .   (helmet restricted)
rElec   .          Harm     .   (no cloak)
rCorr   +          Rampage  .   (gloves unavailable)
Will    .....                   (boots unavailable)
Stlth   +.........              o - amulet of magic regeneration
HPRegen 1.06/turn               (no ring)
MPRegen 0.52/turn               h - ring of flight

@: corroded, flying
A: large, unfitting armour, claws 3, regeneration 1, shaggy fur 1, tough skin 1
a: Renounce Religion, Upheaval


You were on level 8 of the Dungeon.
You worshipped Qazlal.
Qazlal was pleased with you.
You visited 2 branches of the dungeon, and saw 9 of its levels.
You also visited: Sewer.

You collected 441 gold pieces.

Inventory:

Missiles
 f - 2 silver javelins
 l - 2 javelins (quivered)
Armour
 b - a +0 kite shield (worn)
 C - +0 acid dragon scales (worn)
Jewellery
 h - a ring of flight (right claw)
 o - an amulet of magic regeneration (around neck)
 q - a ring of resist corrosion
 r - a ring of resist corrosion
 v - a +6 ring of intelligence
Wands
 B - a wand of iceblast (8)
Scrolls
 i - 2 scrolls of teleportation
 j - 3 scrolls of amnesia
 k - a scroll of fog {unknown}
 p - 2 scrolls of enchant weapon
 u - a scroll of immolation {unknown}
 y - a scroll of brand weapon {unknown}
 A - a scroll of identify
Potions
 a - a potion of flight
 c - 3 potions of might
 d - 3 potions of curing
 e - a potion of brilliance {unknown}
 g - 4 potions of haste
 m - a potion of ambrosia {unknown}
 n - a potion of mutation {unknown}
 s - 3 potions of lignification {unknown}
 t - a potion of resistance {unknown}
 w - a potion of berserk rage {unknown}
 x - a potion of magic {unknown}
 z - a potion of attraction {unknown}


   Skills:
 + Level 6.2 Fighting
 + Level 6.1 Throwing
 + Level 6.3 Dodging
 + Level 6.2 Shields
 + Level 7.2 Unarmed Combat
 + Level 3.2 Invocations


You had 9 spell levels left.
You didn't know any spells.
Your spell library contained the following spells:

 Spells                   Type           Power      Damage    Failure   Level
 Pain                     Necr           0%         1d4       83%         1
 Scorch                   Fire           0%         2d5       92%         2
 Flame Wave               Conj/Fire      0%         2d4       100%        4
 Agony                    Necr           0%         N/A       100%        5
 Excruciating Wounds      Necr           0%         N/A       100%        5
 Summon Cactus Giant      Summ           0%         N/A       100%        6


Dungeon Overview and Level Annotations

Branches:
Dungeon (8/15)             Temple (1/1) D:7           Sewer (visited)
   Lair: D:8-11

Altars:
Ashenzari
Elyvilon
Gozag
Hepliaklqana
Kikubaaqudgha
Nemelex Xobeh
Okawaru
Qazlal
Ru
Sif Muna
Uskayaw
Vehumet
Wu Jian
Xom
Zin
The Shining One


Innate Abilities, Weirdness & Mutations

You are too large for most types of armour.
You have claws for hands.
Your natural rate of healing is unusually fast.
You are covered in fur. (AC +1)
You have tough skin. (AC +1)


Message History

The kobold brigand is severely wounded.
The centaur shoots an arrow.
The arrow hits you. The kobold closely misses you.
You block the kobold brigand's attack.
The centaur shoots an arrow.
You block the arrow.
You claw the kobold brigand!
You kill the kobold brigand!
Qazlal accepts your kill. You block the kobold's attack.
The centaur shoots an arrow.
The arrow hits you.
You claw the kobold!
You kill the kobold!
Qazlal accepts your kill.
You can now call upon nature to destroy your foes.
The centaur shoots an arrow.
The arrow hits you!
The centaur zaps a wand.
The bolt of acid misses you.
You are too injured to fight recklessly!
You are too injured to fight recklessly!
You are too injured to fight recklessly!
You are too injured to fight recklessly!
The centaur zaps a wand.
The bolt of acid hits you! You resist. The acid corrodes you!
You scratch the centaur.
The centaur is lightly wounded.
The centaur unwields a +0 shortbow.
You block the centaur's attack. x2
The centaur zaps a wand.
The bolt of acid hits you!! You resist.
* * * LOW HITPOINT WARNING * * *
You completely miss the centaur.
The centaur is lightly wounded.
The centaur hits you.
* * * LOW HITPOINT WARNING * * *
You block the centaur's attack.
You claw the centaur!
The centaur is almost dead.
The centaur zaps a wand.
The bolt of acid hits you! You resist.
* * * LOW HITPOINT WARNING * * *
You closely miss the centaur.
The centaur is almost dead.
You block the centaur's attack. The centaur kicks you.
* * * LOW HITPOINT WARNING * * *
The centaur hits you.
You die...

....#.#....### #.#.#.# #.#
.............# #.#.#.# #..
#........#h# ##.#.#.###..
###.#..#.#.#######.......†...
#.#..#.....................
#.#..#.#.###.##...#.#.###..
#......................>...
........).)...............
#........)@#.##.......#....
..≈≈≈...c○<..........#....
..≈≈≈...#.#.##...#.#.#....
..≈≈≈............#........
....≈≈..#...###...........
.≈≈..≈......# #...........
.≈≈.....#............#.#..
≈≈...≈...........#.#.#.#..
≈..∩.≈≈.##..#.#.##.#.#....


You could see a centaur.

Vanquished Creatures
  A two-headed ogre (Temple)
  Joseph (D:7)
  Maggie (D:7)
  2 polar bears (D:8)
  Grinder (D:3)
  Sigmund (D:4)
  4 humans (D:6)
  A yak (D:8)
  A steam dragon (D:8)
  A water moccasin (D:8)
  2 ice beasts (D:8)
  2 sky beasts
  A black bear (D:8)
  An orc warrior (D:8)
  4 ogres
  A phantom (D:5)
  3 kobold brigands
  2 bullfrogs (Sewer)
  4 scorpions
  A wyvern skeleton (D:6)
  A water moccasin skeleton (D:5)
  6 killer bees
  3 wights (D:5)
  2 electric eels (D:7)
  A howler monkey (D:5)
  A bullfrog zombie (D:3)
  2 centaur zombies (D:7)
  An orc priest (D:4)
  3 centaur skeletons
  2 hounds
  2 jellies (D:6)
  4 orc wizards
  An iguana (D:5)
  A centaur simulacrum (D:8)
  3 hound skeletons
  A killer bee simulacrum (D:8)
  13 adders
  2 shadow imps
  3 white imps
  An ufetubus (D:8)
  4 worms
  2 dart slugs (D:4)
  18 orcs
  4 bats
  15 endoplasms
  13 giant cockroaches
  10 hobgoblins
  6 jackals
  18 kobolds
  10 quokkas
  7 ball pythons
  7 frilled lizards
  7 goblins
  5 rats
214 creatures vanquished.

Vanquished Creatures (others)
  2 kobolds (D:7)
  4 fungi (D:8)
  10 plants
16 creatures vanquished.

Grand Total: 230 creatures vanquished

Notes
Turn   | Place    | Note
-------+----------+-------------------------------------------
     0 | D:1      | siradein the Troll Fighter began the quest for the Orb.
     0 | D:1      | Reached XP level 1. HP: 22/22 MP: 0/0
   160 | D:1      | Reached XP level 2. HP: 29/29 MP: 1/1
   836 | D:2      | Reached XP level 3. HP: 36/36 MP: 2/2
  1195 | D:2      | Reached skill level 1 in Throwing
  1230 | D:2      | Found a faded altar of an unknown god.
  1395 | D:3      | Found a glowing drain.
  1410 | D:3      | Reached XP level 4. HP: 41/44 MP: 3/3
  1449 | Sewer    | Entered a sewer
  1586 | Sewer    | Reached XP level 5. HP: 53/53 MP: 4/4
  1616 | Sewer    | Reached skill level 3 in Unarmed Combat
  1842 | Sewer    | Reached XP level 6. HP: 15/61 MP: 5/5
  2488 | D:3      | Noticed Grinder
  2512 | D:3      | Killed Grinder
  2513 | D:3      | Reached XP level 7. HP: 27/67 MP: 6/6
  2829 | D:4      | Reached skill level 4 in Unarmed Combat
  3128 | D:4      | Noticed Sigmund
  3160 | D:4      | Killed Sigmund
  3882 | D:5      | Entered Level 5 of the Dungeon
  3985 | D:5      | Reached XP level 8. HP: 78/78 MP: 7/7
  4607 | D:5      | Reached skill level 5 in Unarmed Combat
  5062 | D:6      | Reached skill level 5 in Dodging
  5073 | D:6      | Reached skill level 5 in Shields
  5079 | D:6      | Reached skill level 5 in Fighting
  5079 | D:6      | Reached XP level 9. HP: 66/88 MP: 8/8
  5682 | D:7      | Noticed Joseph
  5682 | D:7      | Found a white marble altar of Elyvilon.
  5768 | D:7      | Found an ornate altar of the Wu Jian Council.
  5793 | D:7      | Reached skill level 6 in Unarmed Combat
  5804 | D:7      | Found a staircase to the Ecumenical Temple.
  5829 | D:7      | HP: 2/88 [killer bee (8)]
  5835 | Temple   | Entered the Ecumenical Temple
  6140 | Temple   | Became a worshipper of Qazlal Stormbringer
  6187 | Temple   | Reached skill level 5 in Throwing
  6279 | D:7      | Noticed a two-headed ogre
  6535 | Temple   | Killed a two-headed ogre
  6536 | Temple   | Reached skill level 1 in Invocations
  6705 | D:7      | Killed Joseph
  6745 | D:7      | Reached XP level 10. HP: 98/98 MP: 10/10
  6982 | D:7      | Reached * piety under Qazlal
  7256 | D:7      | Noticed Maggie
  7269 | D:7      | Killed Maggie
  7483 | D:8      | Reached skill level 7 in Unarmed Combat
  7847 | D:8      | Reached ** piety under Qazlal
  7851 | D:8      | HP: 3/98 [centaur/bolt of acid (15)]
  7852 | D:8      | Slain by a centaur

Illustrated notes

Levels and vault maps discovered:
D:1:      onia_arrival_pyramid, layout_basic, grunt_decor_resistance,
          minmay_pentomino_t2
D:2:      layout_rooms, shapermc_ecumenical_altar_mp_urbaneastern,
          grunt_decor_one_mirror
D:3:      layout_basic, gup_sewer_entry_glass, uniq_grinder
D:4:      corexii_shack_village, layout_loops_corners, uniq_sigmund
D:5:      layout_basic
D:6:      layout_rooms, serial_co_window_serial, co_window_paths_a,
          co_window_corner_a, co_window_of_opportunity_a, co_window_paths_b,
          co_window_paths_b, co_window_corner_b, co_window_unsneaky_path_a,
          co_window_2corner, glass_columns_b, glass_columns_b, glass_columns_b,
          glass_columns_b, glass_columns_a, minmay_ruffians
D:7:      layout_cave_pools, nicolae_wu_jian_wuxing_cycle,
          nicolae_overflow_hidden_temple, minmay_temple_entry_junction,
          serial_bayou_pond_b, uniq_maggie, uniq_joseph
D:8:      layout_basic, dpeg_oklobed_lair, serial_ice, serial_ice_f,
          serial_ice_m, serial_ice_i, serial_ice_c, uniq_maurice
Temple:   dpeg_chambers_temple

Skill      XL: |  1  2  3  4  5  6  7  8  9 10 |
---------------+-------------------------------+-----
Throwing       | 1 2 3 4 5 6 |  6.1
Shields        | 3 4 5 6 |  6.2
Dodging        | 3 4 5 6 |  6.3
Fighting       | 3 4 5 6 |  6.2
Unarmed Combat | 3 4 5 6 7 |  7.2
Invocations    | 2 3 |  3.2

Action                   |  1- 3 |  4- 6 |  7- 9 | 10-12 || total
-------------------------+-------+-------+-------+-------++-------
Melee: Unarmed           |   106 |   176 |   359 |   156 ||   797
Throw: Javelin           |       |     2 |       |       ||     2
  Use: Scroll            |       |       |    11 |     1 ||    12
       Potion            |       |       |     1 |       ||     1
 Stab: Sleeping          |       |     1 |       |       ||     1
Armor: Robe              |    25 |    62 |    90 |     3 ||   180
       Acid dragon scale |       |       |       |    39 ||    39
Dodge: Dodged            |    40 |    64 |   120 |    71 ||   295
Block: Kite shield       |    37 |    54 |   167 |   109 ||   367

Table legend: (Time is in decaauts)
 A = Elapsed time spent in this place.
 B = Non-inter-level travel time spent in this place.
 C = Inter-level travel time spent in this place.
 D = Time resting spent in this place.
 E = Time spent auto-exploring this place.
 F = Levels seen in this place.
 G = Mean time per level.
                   A        B        C        D        E       F      G
               +--------+--------+--------+--------+--------+-----+--------+
         Total |   7956 |   7784 |    172 |    579 |   4995 |  10 |  795.6 |
       Dungeon |   6571 |   6399 |    172 |    118 |   4602 |   8 |  821.4 |
        Temple |    846 |    846 |      0 |    315 |    257 |   1 |  846.0 |
         Sewer |    538 |    538 |      0 |    146 |    135 |   1 |  538.0 |
               +--------+--------+--------+--------+--------+-----+--------+

Top non-repeatable levels by time:
     D:4: 1070 daAuts
     D:3: 1055 daAuts
     D:5: 1048 daAuts
     D:7: 870 daAuts
  Temple: 846 daAuts
     D:6: 833 daAuts
     D:1: 828 daAuts
   Sewer: 538 daAuts
     D:2: 480 daAuts
     D:8: 384 daAuts
